 Dungeon Crawl Stone Soup version 0.29-a0-243-g602b31c20e (webtiles) character file.

Game seed: 7403226423340261972

2172 Ajdolov the Quickloader (level 9, -1/70 HPs)
             Began as a Formicid Hunter on Mar 4, 2022.
             Slain by an orc knight
             ... wielding a +0 halberd
              (18 damage)
             ... in a bailey.
             The game lasted 00:13:02 (6863 turns).

Ajdolov the Quickloader (Formicid Hunter)           Turns: 6863, Time: 00:13:03

Health: -1/70      AC:  8    Str: 17    XL:     9   Next: 58%
Magic:  0/9        EV: 12    Int: 11    God:
Gold:   196        SH:  0    Dex: 21    Spells: 8/8 levels left

rFire   . . .      SeeInvis +   s - +0 arbalest
rCold   + . .      Faith    .   (no shield)
rNeg    . . .      Spirit   +   b - +0 leather armour
rPois   .          Reflect  .   (helmet unavailable)
rElec   .          Harm     .   l - +1 cloak
rCorr   .          Rampage  .   u - +2 pair of gloves of Zyenel {rC+}
Will    .....                   (no boots)
Stlth   +++.......              n - amulet of guardian spirit
HPRegen 0.21/turn               e - ring of flight
MPRegen 0.11/turn               o - +6 ring of dexterity

@: flying
A: permanent stasis, dig shafts and tunnels, antennae 3, four strong arms,
hooves 1, noise suppression
a: Dig


You were in a bailey.
You visited 1 branch of the dungeon, and saw 7 of its levels.
You also visited: Bailey.

You collected 196 gold pieces.

Inventory:

Hand Weapons
 s - a +0 arbalest (weapon)
Armour
 b - a +0 leather armour (worn)
 f - a +0 kite shield
 l - a +1 cloak (worn)
 u - the +2 pair of gloves of Zyenel (worn) {rC+}
   (You found it on level 5 of the Dungeon)

   rC:        It protects you from cold.
 x - a +0 ring mail
Jewellery
 c - a ring of positive energy
 e - a ring of flight (left hand)
 n - an amulet of guardian spirit (around neck)
 o - a +6 ring of dexterity (right hand)
Scrolls
 a - a scroll of brand weapon {unknown}
 d - 5 scrolls of teleportation {unknown}
 g - 4 scrolls of fog {unknown}
 h - 2 scrolls of amnesia {unknown}
 i - 3 scrolls of noise {unknown}
 j - 3 scrolls of vulnerability {unknown}
 k - 2 scrolls of enchant weapon {unknown}
 m - 5 scrolls of identify {unknown}
 v - 3 scrolls of enchant armour {unknown}
 w - 2 scrolls of holy word {unknown}
 y - a scroll of torment {unknown}
Potions
 p - a potion of might {unknown}
 q - 2 potions of curing {unknown}
 t - a potion of haste {unknown}
 A - 3 potions of mutation


   Skills:
 + Level 6.3 Fighting
 * Level 10.1 Crossbows
 + Level 2.6 Armour
 - Level 1.7 Dodging
 - Level 6.2 Stealth


You had 8 spell levels left.
You didn't know any spells.
Your spell library contained the following spells:

 Spells                   Type           Power      Damage    Failure   Level
 Animate Skeleton         Necr           0%         N/A       38%         1
 Beastly Appendage        Tmut           0%         N/A       38%         1
 Pain                     Necr           0%         1d4       38%         1
 Sublimation of Blood     Necr           0%         N/A       54%         2
 Wereblood                Tmut           0%         N/A       54%         2
 Ignite Poison            Fire/Tmut/Pois 0%         N/A       77%         3
 Mephitic Cloud           Conj/Pois/Air  0%         N/A       77%         3
 Ozocubu's Armour         Ice            0%         N/A       77%         3
 Spider Form              Tmut/Pois      0%         N/A       77%         3
 Vampiric Draining        Necr           0%         2d6       77%         3
 Freezing Cloud           Conj/Ice/Air   0%         6-21      100%        5
 Metabolic Englaciation   Hex/Ice        0%         N/A       100%        5
 Simulacrum               Ice/Necr       0%         N/A       100%        6
 Summon Hydra             Summ           0%         N/A       100%        7


Dungeon Overview and Level Annotations

Branches:
Dungeon (7/15)             Bailey (1/1)
 Temple: D:4-7

Altars:
Ru

Shops:
D:3 *


Innate Abilities, Weirdness & Mutations

You cannot be hasted, slowed, berserked, paralysed or teleported.
You can dig through walls and to a lower floor.
You have a pair of large antennae on your head. (SInv)
Your four strong arms can wield two-handed weapons with a shield.
You have large cloven feet.
You passively dampen the noise of your surroundings.


Message History

Unknown command.
Throw: 5 darts (atropa)
Press: ? - help, Shift-Dir - straight line, f/p - orc knight
Aim: an orc knight, wielding a +0 halberd (lightly wounded, 56% to hit, chance to blind on hit: 15%)
You throw an atropa-tipped dart.
The atropa-tipped dart barely misses the orc knight.
Throw: 4 darts (atropa)
Press: ? - help, Shift-Dir - straight line, f/p - orc knight
Aim: an orc knight, wielding a +0 halberd (lightly wounded, 56% to hit, chance to blind on hit: 15%)
You throw an atropa-tipped dart.
The atropa-tipped dart hits the orc knight.
The orc knight resists.
The orc knight is lightly wounded.
The orc knight barely misses you.
There is a gate leading back out of this place here.
Throw: 3 darts (atropa)
Press: ? - help, Shift-Dir - straight line, f/p - orc knight
Aim: an orc knight, wielding a +0 halberd (56% to hit, chance to blind on hit: 15%)
You throw an atropa-tipped dart.
The atropa-tipped dart hits the orc knight.
The orc knight resists.
The orc knight hits you from afar with a +0 halberd!!
Throw: 2 darts (atropa)
Press: ? - help, Shift-Dir - straight line, f/p - orc knight
Aim: an orc knight, wielding a +0 halberd (56% to hit, chance to blind on hit: 15%)
You throw an atropa-tipped dart.
The atropa-tipped dart closely misses the orc knight.
The atropa-tipped dart hits the gnoll.
The gnoll appears confused.
The orc knight hits you from afar with a +0 halberd!!
* * * LOW HITPOINT WARNING * * *
You feel much better.
The gnoll seems less confused.
The orc knight hits you from afar with a +0 halberd!
* * * LOW HITPOINT WARNING * * *
Throw: dart (atropa)
Press: ? - help, Shift-Dir - straight line, f/p - orc knight
Aim: an orc knight, wielding a +0 halberd (56% to hit, chance to blind on hit: 15%)
You throw an atropa-tipped dart.
The atropa-tipped dart closely misses the orc knight.
The orc knight hits you from afar with a +0 halberd!!
You die...

+!.g. #)'..⌠..')
#.!.!. ###....g##
#!.!..# ##.....##
+##' #'# #'##'##'#
#{#)###)###) ## ###
##### ### #' #)#
#.###)#)###)###)
#'##'##'###'##'##'#
#@....## ##.....##
###.....#####.....##
#)'..o..')#.'..⌠..')
###...(.#####.....##
##....(## ##.....#
##'##g##'###'##'##'#
#∩###)###((.###)# #)
### ### ##### ### #


You could see an orc knight and a gnoll (blind).

Vanquished Creatures
  Prince Ribbit (D:6)
  Sigmund (D:5)
  A water moccasin (D:6)
  An ice beast (D:5)
  2 ogres (D:5)
  A phantom (D:7)
  A bullfrog (D:6)
  A necrophage (D:5)
  4 scorpions
  6 wights
  A jelly (D:5)
  An orc priest (D:3)
  4 hounds
  3 iguanas
  2 orc wizards (D:3)
  18 gnolls
  7 adders
  2 worms (D:2)
  13 dart slugs
  26 orcs
  13 ball pythons
  6 endoplasms
  2 giant cockroaches
  12 goblins
  12 hobgoblins
  5 jackals (D:1)
  A quokka (D:5)
  4 bats
  10 frilled lizards
  A goblin zombie (D:4)
  9 kobolds
  A quokka zombie (D:4)
  3 rats
175 creatures vanquished.

Notes
Turn   | Place    | Note
-------+----------+-------------------------------------------
     0 | D:1      | Ajdolov the Formicid Hunter began the quest for the Orb.
     0 | D:1      | Reached XP level 1. HP: 16/16 MP: 1/1
    63 | D:1      | Reached XP level 2. HP: 22/22 MP: 2/2
   134 | D:1      | Reached XP level 3. HP: 24/27 MP: 3/3
   221 | D:1      | Reached skill level 5 in Crossbows
   714 | D:2      | Reached XP level 4. HP: 33/33 MP: 4/4
  1413 | D:3      | Found Jytielej's General Store.
  1763 | D:3      | Reached skill level 6 in Crossbows
  1763 | D:3      | Reached XP level 5. HP: 36/38 MP: 5/5
  2138 | D:3      | Gained mutation: You have large cloven feet. [potion of
                  | mutation]
  2138 | D:3      | Gained mutation: You passively dampen the noise of your
                  | surroundings. [potion of mutation]
  2505 | D:3      | Reached XP level 6. HP: 46/46 MP: 6/6
  3502 | D:3      | Reached skill level 7 in Crossbows
  3849 | D:4      | Reached XP level 7. HP: 30/52 MP: 3/7
  4746 | D:4      | Found a sacrificial altar of Ru.
  4859 | D:5      | Entered Level 5 of the Dungeon
  5249 | D:5      | Noticed Sigmund
  5254 | D:5      | Killed Sigmund
  5255 | D:5      | Reached skill level 8 in Crossbows
  5255 | D:5      | Reached XP level 8. HP: 61/61 MP: 8/8
  5442 | D:5      | Reached skill level 5 in Stealth
  5473 | D:5      | Reached skill level 5 in Fighting
  5668 | D:5      | Reached skill level 9 in Crossbows
  5703 | D:5      | Identified the +2 pair of gloves of Zyenel {rC+}
  5891 | D:6      | Reached XP level 9. HP: 68/68 MP: 9/9
  6387 | D:6      | Noticed Prince Ribbit
  6390 | D:6      | Killed Prince Ribbit
  6391 | D:6      | Reached skill level 1 in Armour
  6578 | D:7      | Reached skill level 10 in Crossbows
  6579 | D:7      | Found a flagged portal.
  6602 | Bailey   | Entered a bailey
  6825 | Bailey   | Noticed an orc knight
  6863 | Bailey   | Slain by an orc knight

Illustrated notes

Levels and vault maps discovered:
D:1:      dpeg_arrival_shelter, layout_rooms, st_stairs_7
D:2:      layout_basic
D:3:      kennysheep_slugbush, layout_basic, serial_rivers,
          chequers_serial_rivers_micro_c, chequers_serial_rivers_small_3,
          chequers_serial_rivers_micro_a, chequers_serial_rivers_large_a,
          chequers_serial_rivers_small_b, chequers_serial_rivers_micro_c,
          serial_shops, shop
D:4:      minmay_inner_zag, layout_loops_cross, mainiacjoe_overflow_catwalk,
          enter_ossuary_4
D:5:      minmay_diamond_boxcup, layout_basic, hangedman_decor_lopped,
          uniq_sigmund
D:6:      layout_basic, uniq_prince_ribbit1
D:7:      layout_loops_corners, minmay_temple_entry_antechambers, serial_shops,
          shop, enter_bailey_3
Bailey:   bailey_polearm_nasty_gnolls, bailey

Skill      XL: |  1  2  3  4  5  6  7  8  9 |
---------------+----------------------------+-----
Crossbows      | 5 6 7 8 9 10 | 10.1
Stealth        | 3 4 6 |  6.2
Fighting       | 3 4 5 6 |  6.3
Armour         | 2 |  2.6
Dodging        | |  1.7

Action                   |  1- 3 |  4- 6 |  7- 9 || total
-------------------------+-------+-------+-------++-------
 Fire: Hand crossbow     |    81 |   223 |    46 ||   350
       Arbalest          |       |       |   175 ||   175
Throw: Dart              |       |       |     5 ||     5
 Abil: Dig               |       |     1 |       ||     1
  Use: Potion            |       |     5 |     2 ||     7
Armor: Leather armour    |    10 |     8 |    34 ||    52
Dodge: Dodged            |    20 |    29 |    94 ||   143

Table legend: (Time is in decaauts)
 A = Elapsed time spent in this place.
 B = Non-inter-level travel time spent in this place.
 C = Inter-level travel time spent in this place.
 D = Time resting spent in this place.
 E = Time spent auto-exploring this place.
 F = Levels seen in this place.
 G = Mean time per level.
                   A        B        C        D        E       F      G
               +--------+--------+--------+--------+--------+-----+--------+
         Total |   7031 |   6826 |    205 |   1536 |   3815 |   8 |  878.9 |
       Dungeon |   6755 |   6550 |    205 |   1531 |   3792 |   7 |  965.0 |
        Bailey |    276 |    276 |      0 |      5 |     23 |   1 |  276.0 |
               +--------+--------+--------+--------+--------+-----+--------+

Top non-repeatable levels by time:
     D:3: 2051 daAuts
     D:4: 1150 daAuts
     D:2: 1130 daAuts
     D:5: 969 daAuts
     D:1: 642 daAuts
     D:6: 609 daAuts
  Bailey: 276 daAuts
     D:7: 203 daAuts
